 Dungeon Crawl Stone Soup version 0.30.0-20-g3615ddf2f0 (webtiles) character file.

Game seed: 8891754473347769581

42 qw the Chopper (level 3, -3/23 HPs)
             Began as a Gargoyle Fighter on May 29, 2023.
             Slain by a gnoll
             ... wielding a +0 spear
              (4 damage)
             ... on level 2 of the Dungeon.
             The game lasted 00:00:26 (612 turns).

qw the Chopper (Gargoyle Fighter)                    Turns: 612, Time: 00:00:27

Health: -3/23      AC: 10    Str: 21    XL:     3   Next: 56%
Magic:  3/3        EV:  9    Int:  8    God:
Gold:   110        SH:  4    Dex:  9    Spells: 2/2 levels left

rFire   . . .        k - +1 hand axe (vamp)
rCold   + . .        c - +0 buckler
rNeg    + . .        b - +0 scale mail
rPois   inf          (no helmet)
rElec   +            (no cloak)
rCorr   .            (no gloves)
SInv    .            (no boots)
Will    .....        (no amulet) Stlth
                     i - ring of protection from cold
HPRegen 0.23/turn    (no ring)
MPRegen 0.08/turn

%: no passive effects
@: no status effects
A: sickness immunity, AC +3, negative energy resistance 1, electricity
resistance, torment resistance 1, petrification resistance
a: no special abilities


You were on level 2 of the Dungeon.
You visited 1 branch of the dungeon, and saw 2 of its levels.

You collected 110 gold pieces.


Innate Abilities, Weirdness & Mutations

You are immune to sickness and miasma.
Your stone body is resilient. (AC +3)
You are immune to poison.
You resist negative energy. (rN+)
You are resistant to electric shocks. (rElec)
You are resistant to unholy torment.
You are immune to petrification.


   Skills:
 - Level 3.2 Fighting
 + Level 3.5 Axes
 - Level 3.2 Armour
 - Level 3.2 Shields


You had 2 spell levels left.
You didn't know any spells.
Your spell library was empty.

Inventory:

Hand Weapons
 a - a +0 war axe
 j - a +0 flail
 k - a +1 vampiric hand axe (weapon)
Missiles
 f - a boomerang (quivered)
Armour
 b - a +0 scale mail (worn)
 c - a +0 buckler (worn)
Jewellery
 i - a ring of protection from cold (left hand)
Potions
 d - 2 potions of might
 e - a potion of heal wounds {unknown}
 g - a potion of resistance {unknown}
 h - a potion of brilliance {unknown}
 l - 2 potions of attraction {unknown}

Dungeon Overview and Level Annotations

Branches:
Dungeon (2/15)

Altars:


Message History

The adder is severely wounded.
You hit the adder but do no damage. You hit the rat.
You kill the rat!
The gnoll hits you from afar with a +0 halberd.
You block the gnoll's attack. The gnoll hits you but does no damage.
The adder bites you but does no damage. You block the adder's attack.
The gnoll closely misses you. You block the gnoll's attack.
The gnoll hits you from afar with a +0 halberd.
You closely miss the adder.
The adder is severely wounded.
You closely miss the adder. The bat hits you but does no damage.
The adder bites you but does no damage. The adder misses you.
The bat hits you but does no damage. The adder bites you but does no damage.
You block the gnoll's attack.
The gnoll hits you but does no damage. x2; The adder bites you.
You block the gnoll's attack.
You slash the adder!
You kill the adder!
You miss the adder. You hit the bat.
You feel better.
You kill the bat!
The adder bites you but does no damage. You block the gnoll's attack.
The gnoll hits you but does no damage. The gnoll barely misses you.
The gnoll completely misses you. The adder bites you but does no damage.
You miss the adder.
The adder is moderately wounded.
The gnoll closely misses you. The gnoll hits you but does no damage.
The gnoll hits you from afar with a +0 spear!
The gnoll closely misses you. The adder bites you but does no damage.
An adder comes into view.
You miss the adder.
The adder is moderately wounded.
The adder hisses angrily.
The adder barely misses you. The gnoll hits you but does no damage.
The gnoll hits you from afar with a +0 spear.
The gnoll closely misses you. The gnoll barely misses you.
You closely miss the adder.
The adder is moderately wounded.
The adder bites you but does no damage.
The gnoll hits you from afar with a +0 spear.
You die...

## .# ..###.. #..
.####....... ... . ..#
#.........# ... ..
#.##.........##. ... ..
#w.................
#S##g.................
#)g%%S..%....# #....
.###(g.@.$......## #...
.....g.......<.[.#####.#
...>....................
..............%.##......
................#.......
..............#.....)...
$............####.......
#.....#................#
#.....###########.......


You could see a worm, 4 gnolls and 2 adders.

Vanquished Creatures
  An adder (D:2)
  A dart slug (D:1)
  2 ball pythons
  4 bats
  An endoplasm (D:2)
  A giant cockroach (D:2)
  3 goblins (D:1)
  5 hobgoblins (D:1)
  A quokka (D:1)
  2 frilled lizards
  3 kobolds
  4 rats
28 creatures vanquished.

Notes
Turn   | Place    | Note
-------+----------+-------------------------------------------
     0 | D:1      | qw the Gargoyle Fighter began the quest for the Orb.
     0 | D:1      | Reached XP level 1. HP: 14/14 MP: 1/1
     0 | D:1      | 0 ||| qw: Version: 0.2-a-102-g2b76a06
     0 | D:1      | 0 ||| qw: Game counter: 408
     0 | D:1      | 0 ||| qw: Always use a shield: true
     0 | D:1      | 0 ||| qw: God list: Okawaru
     0 | D:1      | 0 ||| qw: Allow faded altars: false
     0 | D:1      | 0 ||| qw: Do Orc after D:15 true
     0 | D:1      | 0 ||| qw: Do second Lair branch before Depths: true
     0 | D:1      | 0 ||| qw: Lair rune preference: random
     0 | D:1      | 0 ||| qw: Plans: Normal, Zot:1-4, Slime:5, God:TSO, Crypt,
                  | Tomb, Pan, Hells, Abyss, Win
     0 | D:1      | 0 ||| PLANNING D:1-11
    75 | D:1      | 75 ||| Stepping ~*~*~tactically~*~*~ (hiding).
   138 | D:1      | Reached XP level 2. HP: 15/19 MP: 2/2
   270 | D:1      | 270 ||| FLEEEEING.
   271 | D:1      | 271 ||| FLEEEEING.
   317 | D:1      | 317 ||| SWAPPING to +1 vampiric hand axe.
   318 | D:1      | 318 ||| DROPPING +0 club.
   378 | D:1      | Reached skill level 3 in Axes
   524 | D:1      | 524 ||| UPGRADING to ring of protection from cold.
   525 | D:1      | 525 ||| READING scroll labelled UDEUSM KEJEOS.
   556 | D:2      | Reached XP level 3. HP: 23/23 MP: 3/3
   598 | D:2      | 598 ||| Stepping ~*~*~tactically~*~*~ (hiding).
   599 | D:2      | 599 ||| Stepping ~*~*~tactically~*~*~ (hiding).
   610 | D:2      | HP: 5/23 [gnoll/+0 spear (7)]
   611 | D:2      | HP: 1/23 [gnoll/+0 spear (4)]
   612 | D:2      | Slain by a gnoll

Levels and vault maps discovered:
D:1:      giann_wishing_wells, layout_rooms
D:2:      layout_rooms, minmay_vboxes

Skill      XL: |  1  2 |
---------------+-------+-----
Axes           | 2 3 |  3.5
Fighting       | |  3.2
Armour         | |  3.2
Shields        | |  3.2

Action                     || total
---------------------------++-------
  Melee: War axe           ||    39
         Hand axe          ||    33
  Throw: Boomerang         ||    16
    Use: Scroll            ||     1
 Armour: Scale mail        ||    61
  Dodge: Dodged            ||    55
  Block: Buckler           ||    19

Table legend:
 A = Non-vault XP
 B = Vault XP
 C = Vault XP percentage of total XP
 D = Non-vault monster count
 E = Vault monster count
 F = Vault count percentage of total count
                 A         B        C        D         E       F
            +---------+---------+-------+---------+---------+-------
      Total |      40 |      21 |  34.4 |      22 |       6 |  21.4
            +---------+---------+-------+---------+---------+-------
        D:1 |      31 |       0 |   0.0 |      16 |       0 |   0.0
        D:2 |       9 |      21 |  70.0 |       6 |       6 |  50.0
            +---------+---------+-------+---------+---------+-------
